 Dungeon Crawl Stone Soup version 0.27-a0-1590-g15f69828bf (webtiles) character file.

Game seed: 3330615674130320992

205 flotson the Sneak (level 5, -2/42 HPs)
             Began as a Demonspawn Delver on July 18, 2021.
             Slain by an orc (11 damage)
             ... on level 5 of the Dungeon.
             The game lasted 00:05:44 (5196 turns).

flotson the Sneak (Demonspawn Delver)               Turns: 5196, Time: 00:05:45

Health: -2/42      AC:  5    Str: 14    XL:     5   Next: 52%
Magic:  5/5        EV:  6    Int: 11    God:
Gold:   194        SH: 11    Dex: 14    Spells: 4/4 levels left

rFire    . . .     SeeInvis .   b - +0 spear (venom)
rCold    . . .     Faith    .   s - +0 tower shield
rNeg     . . .     Spirit   .   t - +0 ring mail
rPois    .         Reflect  .   (no helmet)
rElec    .         Harm     .   (no cloak)
rCorr    .         Rampage  .   (no gloves)
Will     .....                  (no boots)
Stlth    ++........             (no amulet)
HPRegen  0.14/turn              (no ring)
MPRegen  0.18/turn              (no ring)

@: mighty, attractive
A: magic regeneration
a: no special abilities


You were on level 5 of the Dungeon.
You visited 1 branch of the dungeon, and saw 6 of its levels.

You collected 194 gold pieces.

Inventory:

Hand Weapons
 a - a +0 hand axe
 b - a +0 spear of venom (weapon)
Missiles
 n - 5 curare-tipped darts (quivered)
Armour
 s - a +0 tower shield (worn)
 t - a +0 ring mail (worn)
Wands
 g - a wand of digging (2)
Scrolls
 c - a scroll of fog
 h - 3 scrolls of brand weapon {unknown}
 i - 5 scrolls of amnesia {unknown}
 j - a scroll of noise {unknown}
 k - a scroll of teleportation {unknown}
 m - 2 scrolls of identify {unknown}
 o - a scroll of immolation {unknown}
Potions
 l - a potion of ambrosia {unknown}
 p - a potion of degeneration {unknown}
 q - a potion of curing {unknown}
 r - a potion of resistance {unknown}


   Skills:
 + Level 3.9 Fighting
 + Level 2.9 Axes
 + Level 2.0 Armour
 + Level 2.8 Dodging
 - Level 4.5 Stealth
 + Level 1.5 Shields


You had 4 spell levels left.
You didn't know any spells.
Your spell library contained the following spells:

 Spells                   Type           Power      Damage    Failure   Level
 Magic Dart               Conj           0%         1d3       100%        1
 Call Imp                 Summ           0%         N/A       100%        2
 Sublimation of Blood     Necr           0%         N/A       100%        2
 Mephitic Cloud           Conj/Pois/Air  0%         N/A       100%        3
 Petrify                  Tmut/Erth      0%         N/A       100%        4
 Irradiate                Conj/Tmut      0%         3d13      100%        5


Dungeon Overview and Level Annotations

Branches:
Dungeon (6/15)
 Temple: D:4-7

Altars:
Kikubaaqudgha
Uskayaw
Vehumet
Xom


Innate Abilities, Weirdness & Mutations

You regenerate magic rapidly.


Message History

You hit the orc but do no damage.
The orc looks even sicker.
You block the orc's attack.
An orc comes into view. It is wielding a +0 morningstar.
Something you can't see is in the way.
You closely miss something.
You kill the orc!
An orc comes into view.
It is wielding a +2 dagger of electrocution.
Something hits you but does no damage.
You miss something. Something hits you.
You closely miss something.
You hear some strange, mumbled words.
You are confused.
You hear some strange, mumbled words.
A magic dart appears from out of thin air!
The magic dart hits you.
The orc shouts!
You closely miss something.
The orc shouts!
Something hits you.
You completely miss something. Something hits you.
Something hits you but does no damage.
A magic dart appears from out of thin air!
The magic dart hits you!
You're too confused to aim your attacks!
You feel less confused.
A phantom comes into view.
It was a potion of might.
You feel very mighty all of a sudden.
You hit something but do no damage.
Found 14 gold pieces.
A magic dart appears from out of thin air!
The magic dart hits you. The orc hits you but does no damage.
You are electrocuted!
* * * LOW HITPOINT WARNING * * *
Found a scroll labelled MOSHOUT TIL PAQ.
Okay, then.
Unknown command.
It was a potion of attraction.
You feel attractive to monsters. The orc hits you but does no damage.
You are electrocuted!
You die...

*,,,,,,,,,,,* *** *,,,,,,,,,,,***
****,****** *,,,,.,,,,,,,,,
,,,,,,,,,,*****###*,,,..,,,,,,***
*,**,,,**,,,,,,..#,,,...,,,,,,*
*,**,,,********#$#*,....,,,,,**
*,,,,,,* ####.##.....,,**,*
*,,**,,* #?......#,*,****,**
,,,,,,,* #,*#@##.#*,** *,,,#
,,,,,*** #.*#o##.#*** *,,.#
**,*,****#*##.##{W..# *,..##*
,,,*,*,,,..#....o#..# #####.....,
****,*,,,...........###$........,
****,*,,*..............)........,
,,,,,*,,,...(#.#...#.##.........,
******,,,............######...>.,
****##.#####..### *,..##*


You could see a phantom and 2 orcs.

Vanquished Creatures
  Natasha (thrice) (D:3)
  4 adders
  2 worms
  3 dart slugs
  7 orcs
  6 ball pythons
  7 endoplasms
  3 giant cockroaches
  11 goblins
  6 hobgoblins
  4 jackals (D:1)
  6 kobolds
  A quokka (D:3)
  4 bats
  2 frilled lizards
  4 rats
73 creatures vanquished.

Notes
Turn   | Place    | Note
-------+----------+-------------------------------------------
     0 | D:5      | flotson the Demonspawn Delver began the quest for the Orb.
     0 | D:5      | Reached XP level 1. HP: 18/18 MP: 1/1
    22 | D:5      | Gained mutation: You regenerate magic rapidly. [demonic
                  | ancestry]
    22 | D:5      | Reached XP level 2. HP: 8/24 MP: 2/2
   294 | D:5      | Found a shimmering altar of Xom.
   294 | D:5      | Found an ancient bone altar of Kikubaaqudgha.
   294 | D:5      | Found a radiant altar of Vehumet.
   294 | D:5      | Noticed a scorpion
   301 | D:5      | Found a hide-covered altar of Uskayaw.
   301 | D:5      | Noticed a sky beast
   760 | D:2      | Reached skill level 1 in Armour
   991 | D:2      | Reached XP level 3. HP: 29/29 MP: 3/3
  2185 | D:2      | Reached XP level 4. HP: 35/35 MP: 4/4
  2484 | D:2      | Found a faded altar of an unknown god.
  2963 | D:3      | Reached skill level 1 in Shields
  3522 | D:3      | Noticed Natasha
  3527 | D:3      | Killed Natasha
  3528 | D:3      | Reached XP level 5. HP: 40/42 MP: 5/5
  3630 | D:3      | Noticed Natasha
  3646 | D:3      | Killed Natasha
  3651 | D:3      | Noticed Natasha
  3920 | D:3      | Killed Natasha
  4857 | D:4      | You fall into a shaft and drop 2 floors!
  4857 | D:6      | Noticed an ice beast
  4871 | D:6      | Noticed an ogre
  5186 | D:5      | Noticed a phantom
  5196 | D:5      | Slain by an orc

Illustrated notes

Levels and vault maps discovered:
D:1:      lightli_molten_gateway, layout_rooms, minmay_misc_feat_tower,
          minmay_statues_item, fountainhead
D:2:      layout_loops_ring, serial_glass, glass_columns_b, glass_columns_a,
          chequers_ecumenical_altar_grove, minmay_distorted
D:3:      layout_loops_cross, uniq_natasha
D:4:      layout_loops_ring, nicolae_sif_muna_little_library,
          ebering_ghost_sewer_f
D:5:      layout_loops_cross, grunt_temple_overflow_open
D:6:      layout_rooms, minmay_temple_entry_poolview, uniq_crazy_yiuf_cottage,
          uniq_duvessa

Skill      XL: |  1  2  3  4  5 |
---------------+----------------+-----
Axes           | 2 |  2.9
Dodging        | 2 |  2.8
Armour         | 1 2 |  2.0
Shields        | 1 |  1.5
Fighting       | |  3.9
Stealth        | |  4.5

Action                   |  1- 3 |  4- 6 || total
-------------------------+-------+-------++-------
Melee: Hand axe          |   103 |       ||   103
       Spear             |    28 |    97 ||   125
Evoke: Wand              |     1 |       ||     1
  Use: Potion            |     1 |     2 ||     3
       Scroll            |     1 |     2 ||     3
 Stab: Sleeping          |    10 |    11 ||    21
       Distracted        |     1 |       ||     1
Armor: Leather armour    |    22 |     6 ||    28
       Ring mail         |       |    19 ||    19
Dodge: Dodged            |   102 |    10 ||   112
Block: Kite shield       |    10 |     6 ||    16
       Tower shield      |       |    32 ||    32

Table legend: (Time is in decaauts)
 A = Elapsed time spent in this place.
 B = Non-inter-level travel time spent in this place.
 C = Inter-level travel time spent in this place.
 D = Time resting spent in this place.
 E = Time spent auto-exploring this place.
 F = Levels seen in this place.
 G = Mean time per level.
                   A        B        C        D        E       F      G
               +--------+--------+--------+--------+--------+-----+--------+
         Total |   5267 |   5217 |     50 |   1040 |   3451 |   6 |  877.8 |
       Dungeon |   5267 |   5217 |     50 |   1040 |   3451 |   6 |  877.8 |
               +--------+--------+--------+--------+--------+-----+--------+

Top non-repeatable levels by time:
     D:3: 2406 daAuts
     D:2: 1021 daAuts
     D:1: 956 daAuts
     D:5: 614 daAuts
     D:4: 237 daAuts
     D:6: 32 daAuts
